 Dungeon Crawl Stone Soup version 0.28-a0-779-g3d1f99b579 (webtiles) character file.

Game seed: 5983201065342966793

4 AttackTheMoon the Sneak (level 1, -7/19 HPs)
             Began as a Ghoul Delver on Nov 3, 2021.
             Mangled by a phantom (8 damage)
             ... on level 4 of the Dungeon.
             The game lasted 00:00:23 (77 turns).

AttackTheMoon the Sneak (Ghoul Delver)                Turns: 77, Time: 00:00:23

Health: -7/19      AC:  3    Str: 15    XL:     1   Next: 60%
Magic:  0/0        EV: 11    Int:  5    God:
Gold:   19         SH:  0    Dex: 10    Spells: 0/0 levels left

rFire   . . .      SeeInvis .   a - +0 short sword
rCold   + . .      Faith    .   (no shield)
rNeg    + + +      Spirit   .   b - +0 leather armour
rPois   ∞          Reflect  .   (no helmet)
rElec   .          Harm     .   (no cloak)
rCorr   .          Rampage  .   (no gloves)
Will    .....                   (no boots)
Stlth   +++.......              (no amulet)
HPRegen 0.00/turn               (no ring)
MPRegen 0.07/turn               (no ring)

@: inhibited regen
A: claws 1, cold resistance 1, negative energy resistance 3, inhibited
regeneration, torment resistance 2
a: no special abilities


You were on level 4 of the Dungeon.
You visited 1 branch of the dungeon, and saw 2 of its levels.

You collected 19 gold pieces.

Inventory:

Hand Weapons
 a - a +0 short sword (weapon)
Armour
 b - a +0 leather armour (worn)
Wands
 g - a wand of digging (3)
Scrolls
 c - a scroll of fog
 d - a scroll of magic mapping
 e - a scroll of fear
Potions
 f - a potion of haste


   Skills:
 + Level 3.3 Fighting
 + Level 1.8 Short Blades
 + Level 1.8 Dodging
 + Level 5.5 Stealth


You couldn't memorise any spells.
You didn't know any spells.
Your spell library was empty.

Dungeon Overview and Level Annotations

Branches:
Dungeon (5/15)
 Temple: D:4-7

Altars:


Innate Abilities, Weirdness & Mutations

You thrive by killing the living.
You are immune to poison.
You have sharp fingernails.
Your flesh is cold resistant. (rC+)
You are immune to negative energy. (rN+++)
You do not regenerate when monsters are visible.
You are immune to unholy pain and torment.


Message History

You are too injured to fight recklessly!
You are too injured to fight recklessly!
You are too injured to fight recklessly!
You are too injured to fight recklessly!
You are too injured to fight recklessly!
You are too injured to fight recklessly!
You are too injured to fight recklessly!
You are too injured to fight recklessly!
You are too injured to fight recklessly!
You are too injured to fight recklessly!
You are too injured to fight recklessly!
You are too injured to fight recklessly!
You are too injured to fight recklessly!
You are too injured to fight recklessly!
You are too injured to fight recklessly!
You are too injured to fight recklessly!
You are too injured to fight recklessly!
You are too injured to fight recklessly!
You are too injured to fight recklessly!
You are too injured to fight recklessly!
You are too injured to fight recklessly!
You are too injured to fight recklessly!
You are too injured to fight recklessly!
You are too injured to fight recklessly!
You hit the phantom.
The phantom is moderately damaged.
The phantom hits you.
The phantom blinks!
You blink. 4 orcs, 2 orc priests and a dart slug come into view.
Found a green potion, 27 bolts and a cloak.
An orc wizard comes into view. It is wielding a +0 dagger.
The orc shouts! x2; The orc priest shouts!
The orc shouts!
The orc priest shouts!
You hear a shout!
The orc wizard shouts!
You hear a shout!
The orc priest barely misses you. The orc hits you with a +0 flail.
* * * LOW HITPOINT WARNING * * *
An adder comes into view.
You miss the phantom.
The phantom is moderately damaged.
The phantom hits you!
You die...

# ##. ...
####.#####.#####
................ ##.###
#.§...# #######+# ...#
#..PP..##........
######....♣P..##ooo.w...
.....§....^PP..W@.......
######.#...♣P..#oo.!....
#...!....##...(..[.
######..# #........ ##.#
#......S. . ..o...... .
o........ .. .........


You could see a phantom, 2 orc priests, an orc wizard, an adder, a dart slug and
4 orcs.

Vanquished Creatures
  A dart slug (D:4)
  An endoplasm (D:4)
2 creatures vanquished.

Notes
Turn   | Place    | Note
-------+----------+-------------------------------------------
     0 | D:5      | AttackTheMoon the Ghoul Delver began the quest for the Orb.
     0 | D:5      | Reached XP level 1. HP: 19/19 MP: 0/0
    23 | D:5      | Noticed an iguana
    63 | D:4      | Noticed a phantom
    75 | D:4      | Noticed an orc priest
    75 | D:4      | Noticed an orc priest
    76 | D:4      | Noticed an orc wizard
    77 | D:4      | Mangled by a phantom

Illustrated notes

Levels and vault maps discovered:
D:4:      layout_basic, nicolae_uskayaw_dance_hall, chei_slow_surprise,
          fedhas_altar_2, kennysheep_minor_cross, serial_park_tiny_2
D:5:      layout_loops_ring, minmay_temple_entry_poolview,
          ebering_ghost_disaster_area

Action                   || total
-------------------------++-------
Melee: Short sword       ||    12
 Stab: Sleeping          ||     1
Dodge: Dodged            ||     5

Table legend: (Time is in decaauts)
 A = Elapsed time spent in this place.
 B = Non-inter-level travel time spent in this place.
 C = Inter-level travel time spent in this place.
 D = Time resting spent in this place.
 E = Time spent auto-exploring this place.
 F = Levels seen in this place.
 G = Mean time per level.
                   A        B        C        D        E       F      G
               +--------+--------+--------+--------+--------+-----+--------+
         Total |     76 |     76 |      0 |     25 |     22 |   2 |   38.0 |
       Dungeon |     76 |     76 |      0 |     25 |     22 |   2 |   38.0 |
               +--------+--------+--------+--------+--------+-----+--------+

Top non-repeatable levels by time:
     D:5: 55 daAuts
     D:4: 21 daAuts
